 Dungeon Sprint DCSS version 0.23.1 (webtiles) character file.

Game seed: 15813863290251577368

711 nuthulu the Unseen (level 7, -4/32 HPs)
             Began as a Spriggan Enchanter on Mar 12, 2019.
             Was an Initiate of Dithmenos.
             Slain by a red devil
             ... wielding a +0 trident
             ... summoned by a kobold demonologist
              (14 damage)
             ... in the Dungeon (Sprint I: "Red Sonja").
             The game lasted 00:01:46 (274 turns).

nuthulu the Unseen (Spriggan Enchanter)              Turns: 274, Time: 00:01:46

Health: -4/32      AC:  0    Str:  4    XL:     7   Next: 40%
Magic:  12/18      EV: 27    Int: 17    God:    Dithmenos [......]
Gold:   317        SH:  0    Dex: 18    Spells: 7/19 levels left

rFire    . . .     SeeInvis +   a - +1 dagger
rCold    . . .     Gourm    .   (shield restricted)
rNeg     . . .     Faith    .   k - -2 robe (curse)
rPois    .         Spirit   .   (helmet restricted)
rElec    .         Reflect  .   (no cloak)
rCorr    .         Harm     .   (gloves unavailable)
MR       +....     NoTele   +   (boots unavailable)
Stlth    ++++++....             (no amulet)
HPRegen  0.10/turn              (no ring)
MPRegen  0.16/turn              (no ring)

@: very quick
A: very small, unfitting armour, see invisible, herbivore, speed 3, slow
metabolism 2
a: Renounce Religion


You were in the Dungeon.
You worshipped Dithmenos.
Dithmenos was noncommittal.
You were not hungry.

You visited 1 branch You collected 405 gold pieces.
You spent 88 gold pieces at shops.

Inventory:

Hand Weapons
 a - a +1 dagger (weapon)
Armour
 b - a +0 robe
 k - a cursed -2 robe (worn)
Wands
 c - a wand of iceblast (7)
Scrolls
 j - a scroll of blinking
Potions
 e - a potion of curing
 f - a potion of heal wounds
 g - a potion of haste
 h - 2 potions of magic
Comestibles
 d - 2 rations


   Skills:
 - Level 7.6 Short Blades
 + Level 10.9 Dodging
 * Level 15.8 Stealth
 - Level 6.6 Spellcasting
 - Level 6.9 Hexes


You had 7 spell levels left.
You knew the following spells:

 Your Spells              Type           Power        Failure   Level  Hunger
a - Corona                Hex            ####...      1%          1    None
b - Confuse               Hex            ####....     1%          3    ##.....
c - Ensorcelled Hibernat  Hex/Ice        ###...       4%          2    None
d - Tukima's Dance        Hex            ####....     1%          3    ##.....
e - Dazzling Spray        Conj/Hex       ###...       9%          3    ##.....

Your spell library contained the following spells:

 Spells                   Type           Power        Failure   Level  Hunger


Dungeon Overview and Level Annotations

Branches:
Dungeon (1/1)

Altars:
Cheibriados
Dithmenos
Elyvilon
Fedhas
Gozag
Hepliaklqana
Kikubaaqudgha
Makhleb
Nemelex Xobeh
Okawaru
Qazlal
Ru
Sif Muna
Trog
Uskayaw
Vehumet
Wu Jian
Xom
Yredelemnul
Zin
The Shining One
Jiyva
Lugonu

Shops:
D [


Innate Abilities, Weirdness & Mutations

You are very small and have problems with some larger weapons.
You are too small for most types of armour.
You have supernaturally acute eyesight. (SInv)
You are a herbivore.
You cover ground extremely quickly.
You need to consume almost no food.


Message History

The kobold demonologist barely misses you.
The kobold demonologist hits you with a +0 dagger.
The helpless floating eye fails to defend itself.
You skewer the floating eye like a kebab!!!!
You kill the floating eye!
Dithmenos accepts your kill.
The kobold demonologist casts a spell.
The kobold demonologist gestures wildly while chanting.
Unknown command.
Casting: Ensorcelled Hibernation (safe; 4% risk of failure)
Confirm with . or Enter, or press ? or * to list all spells.
Aiming: Ensorcelled Hibernation (safe; 4% risk of failure)
Press: ? - help, Shift-Dir - straight line, f - kobold demonologist
Aim: a kobold demonologist, wielding a +0 dagger and wearing a +0 robe (chance to defeat MR: 30%)
The kobold demonologist easily resists.
The kobold demonologist hits you with a +0 dagger.
The kobold demonologist barely misses you.
The red devil hits you from afar with a +0 trident!
The red devil hits you with a +0 trident!
You die...

####################*************
'..#.)'..#__#..'4K.#,,*,,,,+,,,,,
#.)'..#..'..'..#@.4#*+*,****,,,,,
##'#####'#__####K..+,,*,*,***,,,*
#..#...#.####,,#####,,+,*+*,***+*
####..##.#≈≈≈,,*,,**+****,,,*,*,*
___##+#_.+≈≈≈,,+,,*,,,,,*,,,***,,
∩...+..._#≈≈≈,,*,,*,,,,,+,,,,,**,
.__##_.#'#*+*****+***,,,*,,,,,*,,
___###+#.#,,,,***,+,*,,,***++**,*
####**,###*+***,***,*,,***,,***,,


You could see 2 kobold demonologists and 2 red devils.

Vanquished Creatures
  A slime creature (D)
  Sigmund (D)
  A yak (D)
  A floating eye (D)
  An ogre (D)
  A jelly (D)
  Ijyb (D)
7 creatures vanquished.

Notes
Turn   | Place    | Note
-------+----------+-------------------------------------------
     0 | D        | nuthulu the Spriggan Enchanter began the quest for the Orb.
     0 | D        | Reached XP level 1. HP: 9/9 MP: 5/5
     1 | D        | Noticed Ijyb
    12 | D        | Killed Ijyb
    12 | D        | Reached skill level 7 in Stealth
    12 | D        | Reached XP level 2. HP: 13/13 MP: 5/7
    66 | D        | Noticed an ogre
    69 | D        | Killed an ogre
    69 | D        | Reached skill level 9 in Stealth
    69 | D        | Reached skill level 5 in Spellcasting
    69 | D        | Reached skill level 5 in Hexes
    69 | D        | Reached XP level 3. HP: 16/16 MP: 7/10
    69 | D        | Reached XP level 4. HP: 21/21 MP: 8/12
    74 | D        | Learned a level 3 spell: Confuse
    77 | D        | Learned a level 2 spell: Ensorcelled Hibernation
    81 | D        | Learned a level 3 spell: Tukima's Dance
    85 | D        | Learned a level 3 spell: Dazzling Spray
   102 | D        | Noticed Sigmund
   108 | D        | Killed Sigmund
   108 | D        | Reached skill level 5 in Short Blades
   108 | D        | Reached skill level 11 in Stealth
   108 | D        | Reached XP level 5. HP: 24/24 MP: 6/15
   180 | D        | Found an ornate altar of the Wu Jian Council.
   180 | D        | Found a deep blue altar of Sif Muna.
   182 | D        | Found a radiant altar of Vehumet.
   188 | D        | Reached skill level 12 in Stealth
   188 | D        | Reached XP level 6. HP: 28/28 MP: 16/16
   213 | D        | Found Rexzepredwu's Antique Armour Emporium.
   213 | D        | Found an ancient bone altar of Kikubaaqudgha.
   213 | D        | Found a hazy altar of Hepliaklqana.
   213 | D        | Found a stormy altar of Qazlal.
   213 | D        | Found a hide-covered altar of Uskayaw.
   213 | D        | Found a blossoming altar of Fedhas.
   213 | D        | Found a bloodstained altar of Trog.
   213 | D        | Found an iron altar of Okawaru.
   213 | D        | Found a basalt altar of Yredelemnul.
   213 | D        | Found a glowing golden altar of the Shining One.
   213 | D        | Found a snail-covered altar of Cheibriados.
   213 | D        | Found a sacrificial altar of Ru.
   213 | D        | Found a glowing silver altar of Zin.
   213 | D        | Found a shadowy altar of Dithmenos.
   213 | D        | Found a white marble altar of Elyvilon.
   213 | D        | Noticed a yak
   214 | D        | Found an opulent altar of Gozag.
   215 | D        | Killed a yak
   215 | D        | Reached skill level 13 in Stealth
   216 | D        | Found a sparkling altar of Nemelex Xobeh.
   221 | D        | Bought an embroidered robe for 88 gold pieces
   234 | D        | Became a worshipper of Dithmenos the Shadowed
   252 | D        | Found a viscous altar of Jiyva.
   252 | D        | Found a corrupted altar of Lugonu.
   252 | D        | Noticed a slime creature
   253 | D        | Found a burning altar of Makhleb.
   253 | D        | Found a shimmering altar of Xom.
   255 | D        | Killed a slime creature
   255 | D        | Reached skill level 10 in Dodging
   255 | D        | Reached skill level 15 in Stealth
   255 | D        | Reached XP level 7. HP: 32/32 MP: 18/18
   267 | D        | Noticed a kobold demonologist
   268 | D        | Noticed a kobold demonologist
   274 | D        | Noticed a red devil
   274 | D        | Noticed a red devil
   274 | D        | Slain by a red devil

Skill      XL: |  1  2  3  4  5  6 |
---------------+-------------------+-----
Short Blades   | 2 4 5 7 |  7.6
Dodging        | 4 6 7 8 10 | 10.9
Stealth        | 7 9 11 12 15 | 15.8
Spellcasting   | 3 5 6 |  6.6
Hexes          | 4 5 6 |  6.9

Action                   |  1- 3 |  4- 6 |  7- 9 || total
-------------------------+-------+-------+-------++-------
Melee: Dagger            |     9 |     4 |     2 ||    15
 Cast: Ensorcelled Hiber |       |     3 |     3 ||     6
  Use: Potion            |     1 |       |       ||     1
       Scroll            |       |     1 |       ||     1
 Stab: Sleeping          |     2 |     4 |     1 ||     7
Dodge: Dodged            |     3 |     2 |     4 ||     9
